 Dungeon Crawl Stone Soup version 0.28-a0-895-g6e5f11bd55 (webtiles) character file.

Game seed: 1944884129480638415

7242 Gwenloh the Grappler (level 10, -4/78 HPs)
             Began as a Grey Draconian Transmuter on Nov 22, 2021.
             Was a Believer of Sif Muna.
             Slain by a komodo dragon (21 damage)
             ... on level 1 of the Lair of Beasts on Nov 23, 2021.
             The game lasted 00:49:16 (14281 turns).

Gwenloh the Grappler (Grey Draconian Transmuter)   Turns: 14281, Time: 00:49:17

Health: -4/78      AC: 15    Str: 14    XL:     10   Next: 88%
Magic:  15/15      EV: 13    Int: 14    God:    Sif Muna [**....]
Gold:   407        SH:  0    Dex: 13    Spells: 6/16 levels left

rFire   x . .      SeeInvis +     - Unarmed
rCold   + . .      Faith    .   (no shield)
rNeg    . . .      Spirit   .   (armour unavailable)
rPois   .          Reflect  .   (helmet currently unavailable)
rElec   .          Harm     .   Q - +1 cloak
rCorr   .          Rampage  .   i - +0 pair of gloves
Will    .....                   (boots currently unavailable)
Stlth   +.........              (no amulet)
HPRegen 0.23/turn               h - ring of see invisible
MPRegen 0.14/turn               c - ring of ice

@: appendages, studying Short Blades
A: horns 2, talons 2, AC +12, amphibious, unfitting armour, cold-blooded, no
potion heal 1
a: End Transformation, Renounce Religion, Channel Magic


You were on level 1 of the Lair of Beasts.
You worshipped Sif Muna.
Sif Muna was pleased with you.
You had temporarily grown beastly horns and talons.
You visited 3 branches of the dungeon, and saw 11 of its levels.
You also visited: Ossuary.

You collected 665 gold pieces.
You spent 258 gold pieces at shops.

Inventory:

Missiles
 a - 245 stones
 e - 63 poisoned darts (quivered)
 j - 5 silver javelins
 n - 80 sling bullets
 o - 152 arrows
 q - a throwing net
 y - 13 boomerangs
Armour
 i - a +0 pair of gloves (worn)
 B - a +0 pair of boots (melded)
 Q - a +1 cloak (worn)
Jewellery
 c - a ring of ice (right hand)
 d - a ring of positive energy
 h - a ring of see invisible (left hand)
 l - a +6 ring of dexterity
 x - a +6 ring of dexterity
 I - a +6 ring of intelligence
Wands
 t - a wand of acid (2)
 v - a wand of paralysis (7)
 z - a wand of iceblast (26)
 K - a wand of digging (6)
 N - a wand of charming (6)
 P - a wand of flame (38)
Scrolls
 b - a scroll of holy word
 f - 2 scrolls of vulnerability
 g - 5 scrolls of teleportation
 m - 3 scrolls of fear
 r - a scroll of torment
 s - 2 scrolls of enchant weapon
 w - 4 scrolls of magic mapping
 A - 2 scrolls of immolation
 F - a scroll of summoning
 O - 2 scrolls of blinking
 R - 2 scrolls of fog
Potions
 k - 2 potions of attraction
 p - 2 potions of brilliance
 u - 3 potions of heal wounds
 C - 4 potions of curing
 D - 2 potions of resistance
 E - a potion of flight
 G - a potion of magic {unknown}
 H - a potion of mutation {unknown}
 J - a potion of degeneration {unknown}
 L - a potion of lignification {unknown}
 M - 2 potions of invisibility


   Skills:
 + Level 3.7 Fighting
 + Level 3.5 Dodging
 * Level 11.2 Unarmed Combat
 + Level 3.7 Spellcasting
 * Level 11.0 Transmutations
 - Level 3.0 Ice Magic
 - Level 2.0 Poison Magic


You had 6 spell levels left.
You knew the following spells:

 Your Spells              Type           Power      Damage    Failure   Level
a - Beastly Appendage     Tmut           66%        N/A       1%          1
b - Wereblood             Tmut           33%        N/A       1%          2
c - Spider Form           Tmut/Pois      20%        N/A       4%          3
d - Ice Form              Ice/Tmut       33%        N/A       11%         4

Your spell library contained the following spells:

 Spells                   Type           Power      Damage    Failure   Level
 Passwall                 Tmut/Erth      15%        N/A       3%          2
 Freeze                   Ice            64%        1d8       6%          1
 Ignite Poison            Fire/Tmut/Pois 14%        N/A       10%         3
 Frozen Ramparts          Ice            32%        1d5       17%         3
 Magic Dart               Conj           8%         1d3       21%         1
 Shock                    Conj/Air       8%         1d3       21%         1
 Slow                     Hex            8%         N/A       21%         1
 Poisonous Vapours        Pois/Air       10%        N/A       21%         2
 Corpse Rot               Necr/Air       4%         N/A       30%         2
 Searing Ray              Conj           4%         2d4       30%         2
 Static Discharge         Conj/Air       2%         N/A       30%         2
 Confusing Touch          Hex            2%         N/A       52%         3
 Conjure Flame            Conj/Fire      2%         6-21      52%         3
 Swiftness                Air            2%         N/A       52%         3
 Vampiric Draining        Necr           2%         2d6       52%         3
 Hailstorm                Conj/Ice       10%        3d5       71%         4
 Airstrike                Air            1%         N/A       89%         4
 Dispel Undead            Necr           2%         3d7       89%         4
 Fulminant Prism          Conj/Hex       1%         3d6       89%         4
 Sticky Flame             Conj/Fire      2%         2d3       89%         4
 Fireball                 Conj/Fire      1%         3d3       99%         5
 Iskenderun's Battlesphe  Conj           2%         2d6       99%         5
 Conjure Ball Lightning   Conj/Air       1%         3x3d6     100%        6
 Dispersal                Tloc           1%         N/A       100%        6
 Orb of Destruction       Conj           1%         N/A       100%        7
 Disjunction              Tloc           1%         N/A       100%        8


Dungeon Overview and Level Annotations

Branches:
Dungeon (9/15)             Temple (1/1) D:7            Lair (1/6) D:9
    Orc (0/2) D:9         Ossuary (visited)

Altars:
Ashenzari
Cheibriados
Dithmenos
Elyvilon
Fedhas
Gozag
Hepliaklqana
Kikubaaqudgha
Makhleb
Nemelex Xobeh
Okawaru
Qazlal
Ru
Sif Muna
Uskayaw
Vehumet
Wu Jian
Xom
Yredelemnul
Zin
The Shining One

Shops:
D:5 (   D:7 *   D:9 *


Innate Abilities, Weirdness & Mutations

You have temporarily grown beastly horns and talons.
Your dull iron-grey scales are very hard. (AC +12)
You are amphibious.
You cannot fit into any form of body armour.
You are cold-blooded and may be slowed by cold attacks.
Potions are less effective at restoring your health.


Message History

There is a staircase back to the Dungeon, spattered with blood here.
Casting: Ice Form (dangerous; 11% risk of failure)
Confirm with . or Enter, or press ? or * to list all spells.
You grow a pair of large bovine horns.
Your feet morph into talons.
Your +0 pair of boots melds into your body.
The komodo dragon closely misses you.
You punch the komodo dragon!
You headbutt the komodo dragon, but do no damage.
You tail-slap the komodo dragon, but do no damage.
The komodo dragon is moderately wounded.
The komodo dragon bites you!
You barely miss the komodo dragon.
The komodo dragon is moderately wounded.
You hit the komodo dragon. You claw the komodo dragon.
You headbutt the komodo dragon.
Your tail-slap misses the komodo dragon.
The komodo dragon is heavily wounded.
The komodo dragon bites you!!
You are too injured to fight recklessly!
You are too injured to fight recklessly!
You are too injured to fight recklessly!
You barely miss the komodo dragon. You claw the komodo dragon.
Your punch misses the komodo dragon.
The komodo dragon is heavily wounded.
The komodo dragon barely misses you.
You hit the komodo dragon but do no damage.
You headbutt the komodo dragon, but do no damage.
The komodo dragon is heavily wounded.
The komodo dragon barely misses you.
You hit the komodo dragon but do no damage.
You claw the komodo dragon, but do no damage.
The komodo dragon is heavily wounded.
The komodo dragon bites you!!
* * * LOW HITPOINT WARNING * * *
You punch the komodo dragon! You claw the komodo dragon.
The komodo dragon is almost dead.
You hit the komodo dragon but do no damage.
The komodo dragon is almost dead.
The komodo dragon bites you!!
You die...

........######..
#..............
##.............
..##..............
..............#
................##
.......##.......##
....### #....#.l.#
.....P# ##....##@#
......# #...####.#
.....## ##...## #.#
......######.>.## .##
.......#.####...##..##
.....................###
.......................##
....†.....l..............
....††...................


You could see a komodo dragon.

Vanquished Creatures
  A two-headed ogre (D:8)
  Maurice (D:9)
  A black mamba (Lair:1)
  An unseen horror (D:7)
  Maggie (D:9)
  A troll (D:9)
  A slime creature (D:6)
  A wyvern (Lair:1)
  Menkaure (D:4)
  Edmund (D:4)
  4 water moccasins
  A sky beast (D:7)
  A necrophage (D:8)
  4 orc warriors
  2 ice beasts (D:6)
  2 ogres
  A black bear (D:4)
  3 phantoms
  3 centaurs
  3 kobold brigands
  6 bullfrogs
  A gnoll sergeant (D:9)
  3 scorpions
  A wyvern skeleton (D:7)
  7 wights
  5 howler monkeys (D:8)
  A bullfrog zombie (D:6)
  6 hounds
  2 centaur zombies
  6 orc priests
  4 jellies
  Crazy Yiuf (D:2)
  A gnoll shaman (D:9)
  A bullfrog skeleton (D:5)
  Ijyb (D:4)
  Natasha (thrice) (D:2 D:1)
  4 iguanas
  10 orc wizards
  A hound skeleton (D:4)
  A mummy (Ossuary)
  2 howler monkey zombies
  Robin (D:1)
  6 gnolls (D:9)
  4 adders
  A white imp (D:5)
  2 adder skeletons (D:4)
  A dart slug (D:1)
  40 orcs
  3 spectral bats (Ossuary)
  5 bats
  8 endoplasms
  3 giant cockroaches
  8 hobgoblins
  5 jackals
  7 quokkas
  4 ball pythons
  2 bat simulacra (Ossuary)
  2 frilled lizards (D:1)
  12 gnoll zombies (Ossuary)
  17 goblins
  6 goblin simulacra (Ossuary)
  7 goblin zombies
  5 hobgoblin zombies (Ossuary)
  10 kobolds
  3 kobold simulacra (Ossuary)
  4 kobold zombies (Ossuary)
  3 orc zombies (Ossuary)
  2 rats (D:1)
  6 rat simulacra (Ossuary)
  A rat zombie (D:6)
  4 spectral goblins (Ossuary)
  4 spectral kobolds (Ossuary)
  2 spectral rats (Ossuary)
289 creatures vanquished.

Notes
Turn   | Place    | Note
-------+----------+-------------------------------------------
     0 | D:1      | Gwenloh the Draconian Transmuter began the quest for the
                  | Orb.
     0 | D:1      | Reached XP level 1. HP: 16/16 MP: 3/3
   343 | D:1      | Reached XP level 2. HP: 23/23 MP: 3/5
   378 | D:1      | Learned a level 2 spell: Wereblood
   832 | D:1      | Reached XP level 3. HP: 28/28 MP: 6/6
   965 | D:2      | Noticed Robin
   970 | D:2      | Noticed Natasha
  1387 | D:2      | Killed Natasha
  1388 | D:2      | Reached XP level 4. HP: 6/35 MP: 7/7
  1390 | D:2      | Noticed Natasha
  1400 | D:2      | Killed Natasha
  1697 | D:1      | Learned a level 3 spell: Spider Form
  1714 | D:1      | Killed Robin
  1812 | D:2      | Noticed Natasha
  1830 | D:1      | Killed Natasha
  1831 | D:1      | Reached XP level 5. HP: 29/40 MP: 6/8
  2219 | D:2      | Found a runed translucent door.
  2220 | D:2      | Noticed Crazy Yiuf
  2453 | D:2      | Killed Crazy Yiuf
  2949 | D:3      | Reached skill level 1 in Poison Magic
  3017 | D:3      | Found a faded altar of an unknown god.
  3251 | D:3      | Reached skill level 5 in Unarmed Combat
  3601 | D:3      | Found a burning altar of Makhleb.
  3602 | D:3      | Found a snail-covered altar of Cheibriados.
  3768 | D:4      | Noticed an ogre
  3783 | D:4      | Noticed Ijyb
  3792 | D:4      | Killed Ijyb
  3793 | D:4      | Reached XP level 6. HP: 47/47 MP: 5/9
  4136 | D:4      | Found a sparkling altar of Nemelex Xobeh.
  4502 | D:4      | Reached skill level 5 in Transmutations
  4511 | D:4      | Noticed Menkaure
  4597 | D:5      | Entered Level 5 of the Dungeon
  4615 | D:5      | Your scales start taking on a dull iron-grey colour.
  4615 | D:5      | Reached XP level 7. HP: 52/52 MP: 3/10
  4636 | D:5      | Upgraded the game from 0.28-a0-883-gc8d7bad45d to
                  | 0.28-a0-895-g6e5f11bd55
  4641 | D:5      | Learned a level 4 spell: Ice Form
  5160 | D:5      | Reached skill level 1 in Ice Magic
  5735 | D:4      | Noticed Edmund
  5845 | D:4      | Killed Edmund
  5846 | D:4      | Reached XP level 8. HP: 53/59 MP: 7/11
  6109 | D:4      | Killed Menkaure
  6391 | D:5      | Found Nellatz's Antique Weapon Shoppe.
  6403 | D:5      | Gained mutation: Potions are less effective at restoring
                  | your health. [mutagenic glow]
  6964 | D:6      | Found a sand-covered staircase.
  6973 | Ossuary  | Entered an ossuary
  7979 | D:6      | Found a shimmering altar of Xom.
  8175 | D:6      | Reached XP level 9. HP: 47/64 MP: 1/12
  9386 | D:7      | Found Lakkutip's General Store.
  9390 | D:7      | Bought 2 potions of curing for 90 gold pieces
  9390 | D:7      | Bought a potion of curing for 45 gold pieces
  9390 | D:7      | Bought a potion of heal wounds for 75 gold pieces
  9416 | D:7      | Found a staircase to the Ecumenical Temple.
  9434 | Temple   | Entered the Ecumenical Temple
  9669 | Temple   | Became a worshipper of Sif Muna the Loreminder
  9887 | D:7      | Noticed an unseen horror
  9891 | D:7      | Killed an unseen horror
 10438 | D:7      | Reached skill level 10 in Unarmed Combat
 11153 | D:8      | Reached * piety under Sif Muna
 11159 | D:8      | Reached skill level 10 in Transmutations
 11159 | D:8      | Reached XP level 10. HP: 45/72 MP: 8/13
 11426 | D:8      | Found a shadowy altar of Dithmenos.
 11429 | D:8      | Found a hazy altar of Hepliaklqana.
 11437 | D:8      | Found a stormy altar of Qazlal.
 11440 | D:8      | Found a white marble altar of Elyvilon.
 11673 | D:8      | Noticed a two-headed ogre
 11844 | D:8      | Killed a two-headed ogre
 12327 | D:9      | Noticed Maurice
 12352 | D:9      | Killed Maurice
 12816 | D:9      | Found a staircase to the Lair.
 13044 | D:9      | Reached ** piety under Sif Muna
 13221 | D:9      | Found a staircase to the Orcish Mines.
 13271 | D:9      | Noticed Maggie
 13292 | D:9      | Killed Maggie
 13501 | D:9      | Found Wifroes's General Store.
 13509 | D:9      | Bought a scroll of fog for 24 gold pieces
 13509 | D:9      | Bought a scroll of identify for 24 gold pieces
 13719 | Lair:1   | Entered Level 1 of the Lair of Beasts
 13891 | Lair:1   | Noticed a black mamba
 13905 | Lair:1   | Killed a black mamba
 14281 | Lair:1   | Slain by a komodo dragon

Illustrated notes

Levels and vault maps discovered:
D:1:      minmay_arrival_hallway, layout_basic
D:2:      layout_rooms, uniq_crazy_yiuf_cottage, uniq_natasha, uniq_robin
D:3:      layout_loops_ring, gammafunk_temple_overflow_pools,
          ebering_ecumenical_altar_petrified
D:4:      layout_basic, nemelex_spade_bored_becter, grunt_decor_resistance,
          solitary_fountain, minmay_misc_feat_doors, uniq_ijyb, uniq_edmund,
          uniq_menkaure
D:5:      layout_basic, serial_shops, kennysheep_little_box
D:6:      layout_cave_pools, xom_teletrap_fun, enter_ossuary_4
D:7:      layout_loops_ring, minmay_temple_entry_junction_2, serial_shops, shop,
          minmay_manual_mail
D:8:      layout_rooms, grunt_temple_overflow_cloverleaf, kennysheep_donut,
          hangedman_decor_points, minmay_misc_feat_roman,
          minmay_fractal_squares_gapless_5
D:9:      layout_loops_corners, lair_entry_dummy, hiddenorc1_lemuel,
          serial_shops, shop, chequers_decorated_corner, uniq_maggie,
          uniq_maurice
Temple:   nicolae_temple_figure_eight
Lair:1:   layout_layer_cave, serial_bayou_shore_b

Skill      XL: |  1  2  3  4  5  6  7  8  9 10 |
---------------+-------------------------------+-----
Transmutations | 3 4 5 6 8 10 11 | 11.0
Unarmed Combat | 4 5 7 8 10 11 | 11.2
Poison Magic   | 1 2 |  2.0
Ice Magic      | 2 3 |  3.0
Dodging        | 2 3 |  3.5
Fighting       | 3 |  3.7
Spellcasting   | 3 |  3.7

Action                   |  1- 3 |  4- 6 |  7- 9 | 10-12 || total
-------------------------+-------+-------+-------+-------++-------
Melee: Unarmed           |    90 |    97 |   381 |   215 ||   783
       Kick              |    16 |    16 |    19 |    23 ||    74
       Tailslap          |     7 |    11 |    12 |    21 ||    51
       Headbutt          |     5 |    14 |    11 |    22 ||    52
       Punch             |       |     1 |     6 |     6 ||    13
Throw: Stone             |    60 |       |       |       ||    60
       Dart              |    10 |    57 |       |     9 ||    76
       Boomerang         |       |     1 |    19 |     2 ||    22
 Cast: Beastly Appendage |    20 |    29 |    13 |     9 ||    71
       Wereblood         |     2 |     4 |     4 |     6 ||    16
       Spider Form       |       |     4 |    12 |     2 ||    18
       Ice Form          |       |       |    22 |     7 ||    29
 Abil: End Transformatio |       |       |     1 |       ||     1
Evoke: Wand              |       |     4 |       |       ||     4
  Use: Potion            |       |     1 |     2 |       ||     3
       Scroll            |       |       |    12 |     4 ||    16
 Stab: Sleeping          |       |       |     5 |       ||     5
Armor: Skin              |    23 |    27 |   147 |    66 ||   263
Dodge: Dodged            |    58 |    53 |   181 |   137 ||   429

Table legend: (Time is in decaauts)
 A = Elapsed time spent in this place.
 B = Non-inter-level travel time spent in this place.
 C = Inter-level travel time spent in this place.
 D = Time resting spent in this place.
 E = Time spent auto-exploring this place.
 F = Levels seen in this place.
 G = Mean time per level.
                   A        B        C        D        E       F      G
               +--------+--------+--------+--------+--------+-----+--------+
         Total |  14212 |  13823 |    389 |   3157 |   7378 |  12 | 1184.3 |
       Dungeon |  13008 |  12679 |    329 |   2809 |   7171 |   9 | 1445.3 |
        Temple |    278 |    218 |     60 |      0 |    207 |   1 |  278.0 |
          Lair |    218 |    218 |      0 |     74 |      0 |   1 |  218.0 |
       Ossuary |    707 |    707 |      0 |    274 |      0 |   1 |  707.0 |
               +--------+--------+--------+--------+--------+-----+--------+

Top non-repeatable levels by time:
     D:9: 2007 daAuts
     D:5: 1981 daAuts
     D:1: 1609 daAuts
     D:7: 1589 daAuts
     D:4: 1466 daAuts
     D:2: 1288 daAuts
     D:8: 1156 daAuts
     D:6: 1011 daAuts
     D:3: 898 daAuts
 Ossuary: 707 daAuts
  Temple: 278 daAuts
  Lair:1: 218 daAuts
